AoeStats
← -GNG-OverHabit

Arabia

510079348Analyzed
1v1 RM · 4d ago on Sep 29, 2026· 57m 8s· 2 players
Game mode
Random Map
Map size
Tiny (2 player)
Population
200
Speed
Normal
Resources
Standard
Victory
Conquest
Starting age
Dark Age
Ending age
Imperial Age
RankedLock teamsTeams togetherTeam positionsShared explorationLock speedFull tech treeHidden civsTurbo modeCheats
Victory
Defeat
🇧🇷 Vikings · Brazil
1886
+20
🇭🇰 Armenians · Hong Kong SAR China
1975
-20
uel
7:47 Loom
10:26 Feudal Age
10:40 Man-at-Arms
11:25 Double-Bit Axe
15:11 Fletching
21:56 Castle Age
20:21 Padded Archer Armor
20:26 Horse Collar
21:18 Scale Barding Armor
21:55 Gold Mining
21:58 Crossbowman
22:39 Bodkin Arrow
25:20 Forging
27:21 Ballistics
28:37 Chain Barding Armor
32:35 Iron Casting
38:32 Stone Mining
40:18 Town Watch
46:09 Imperial Age
45:53 Masonry
46:52 Bracer
47:56 Chemistry
47:20 Arbalester
48:28 Bow Saw
50:23 Leather Archer Armor
53:44 Blast Furnace
53:50 Architecture
54:20 Two-Man Saw
53:06 Light Cavalry
54:59 Ring Archer Armor
56:24 Treadmill Crane
56:23 Cavalier
-GNG-OverHabit
6:37 Loom
8:49 Feudal Age
9:20 Double-Bit Axe
9:30 Man-at-Arms
13:40 Fletching
16:52 Horse Collar
22:15 Castle Age
21:12 Padded Archer Armor
22:53 Bodkin Arrow
23:33 Leather Archer Armor
23:16 Elite Skirmisher
25:05 Leather Archer Armor
26:32 Bow Saw
27:33 Wheelbarrow
29:37 Wheelbarrow
29:06 Crossbowman
32:49 Scale Barding Armor
33:54 Ballistics
33:47 Forging
33:39 Husbandry
34:18 Bloodlines
35:21 Chain Barding Armor
35:48 Herbal Medicine
36:12 Herbal Medicine
46:31 Iron Casting
48:28 Redemption
51:48 Imperial Age
54:00 Chemistry
53:29 Bracer
53:31 Arbalester
55:28 Ring Archer Armor
56:44 Hand Cart
Connection lost

Rejoining the realm…

Still unreachable

The connection could not be restored.

Session expired

The server has moved on; the page needs a fresh start.